 Dungeon Crawl Stone Soup version 0.20.1-1-g8b1a95d (webtiles) character file.

474 miragecloak the Cleaver (level 7, -17/57 HPs)
             Began as a Hill Orc Abyssal Knight on July 18, 2017.
             Was a Believer of Lugonu.
             Demolished by an ogre
             ... wielding a +0 giant spiked club
              (33 damage)
             ... on level 5 of the Dungeon on Aug 7, 2017.
             The game lasted 00:11:01 (6094 turns).

miragecloak the Cleaver (Hill Orc Abyssal Knight)   Turns: 6094, Time: 00:11:02

Health: -17/57     AC:  5    Str: 15    XL:     7   Next: 10%
Magic:  8/8        EV: 11    Int: 12    God:    Lugonu [**....]
Gold:   192        SH:  0    Dex: 12    Spells: 6/6 levels left

rFire    . . .     SeeInvis .   a - +1 hand axe
rCold    . . .     Gourm    .   (no shield)
rNeg     . . .     Faith    .   b - +0 leather armour
rPois    .         Spirit   .   e - +0 helmet
rElec    .         Reflect  .   (no cloak)
rCorr    .         Harm     .   o - +0 pair of gloves
MR       .....                  (no boots)
Stlth    +.........             (no amulet)
Regen    0.2/turn               (no ring)
MPRegen  0.2/turn               (no ring)

@: no status effects
A: no striking features
a: Depart the Abyss, Bend Space, Renounce Religion


You were on level 5 of the Dungeon.
You worshipped Lugonu.
Lugonu was pleased with you.
You were not hungry.

You visited 1 branch of the dungeon, and saw 6 of its levels.
You visited the Abyss 1 time.

You collected 192 gold pieces.

Inventory:

Hand Weapons
 a - a +1 hand axe (weapon)
Armour
 b - a +0 leather armour (worn)
 e - a +0 helmet (worn)
 o - a +0 pair of gloves (worn)
Wands
 i - a wand of iceblast (9/15)
Scrolls
 d - 2 scrolls of magic mapping
 f - 6 scrolls of identify
 j - 2 scrolls of remove curse {unknown}
 k - a scroll of fog {unknown}
 m - a scroll of noise {unknown}
Potions
 h - a potion of degeneration {unknown}
 p - a potion of invisibility {unknown}
Comestibles
 c - 2 bread rations
 g - a meat ration
 l - 2 fruits
 n - 2 royal jellies
 q - 3 chunks of flesh


   Skills:
 - Level 3.6 Fighting
 + Level 9.8 Axes
 - Level 2.1 Armour
 - Level 0.7 Dodging
 - Level 2.4 Invocations


You had 6 spell levels left.
You didn't know any spells.

Dungeon Overview and Level Annotations

Branches:
Dungeon (6/15)             Temple (0/1) D:4

Altars:
Zin

Shops:
D:5 =

Annotations:
D:3 galech's ghost, amateur TrMo
D:4 Ijyb; Natasha
D:5 Dowan; Duvessa


Message History

The ogre is lightly wounded.
The ogre barely misses you.
You hit the ogre but do no damage.
The ogre is lightly wounded.
You barely miss the ogre.
The ogre is lightly wounded.
The ogre misses you.
You completely miss the ogre.
The ogre is lightly wounded.
You hit the ogre.
The ogre is lightly wounded.
The ogre hits you with a giant spiked club!!
* * * LOW HITPOINT WARNING * * *
You hit the ogre.
The ogre is moderately wounded.
You barely miss the ogre.
The ogre is moderately wounded.
The ogre hits you with a giant spiked club!!
Ouch! That really hurt!
You die...

##. .# #.. ..
#.# #. #.#
######### #.##.#
## #
#.......###..#.#
..
#.......O.##.#.#
. #.
#......@#....#.#
#.##.#
####.######....#
.āˆ©.... #.
##..># # #... #.
#.....##.##.. #.
##..O........ #.
###.######.. #.
.#b #... #.
.#lā‰ˆ ##..
.#.ā‰ˆā‰ˆ##..


You could see an ogre.

Vanquished Creatures
  An ogre (D:6)
  2 crimson imps (D:5)
  A hound (D:4)
  A bullfrog skeleton (D:5)
  Natasha (D:4)
  4 worker ants
  5 adders
  An adder zombie (D:5)
  An ooze (D:2)
  A worm (D:2)
  6 leopard geckos
  8 orcs
  2 ball pythons (D:2)
  6 bats
  A giant cockroach (D:2)
  7 goblins
  8 hobgoblins
  9 jackals
  7 kobolds
  6 quokkas
  3 frilled lizards
  A jackal skeleton (D:4)
  5 rats
87 creatures vanquished.

Vanquished Creatures (others)
  2 fungi (D:5)
2 creatures vanquished.

Grand Total: 89 creatures vanquished

Notes
Turn   | Place    | Note
-------+----------+-------------------------------------------
     0 | Abyss:1  | miragecloak the Hill Orc Abyssal Knight began the quest for the Orb.
     0 | Abyss:1  | Reached XP level 1. HP: 19/19 MP: 2/2
    16 | Abyss:1  | Found a corrupted altar of Lugonu.
    54 | Abyss:1  | Noticed a small abomination
    54 | D:1      | Escaped the Abyss
   116 | D:1      | Reached skill level 3 in Axes
   304 | D:1      | Reached XP level 2. HP: 3/26 MP: 3/3
   709 | D:1      | Reached * piety under Lugonu
   731 | D:1      | Reached skill level 4 in Axes
  1145 | D:2      | Reached XP level 3. HP: 25/31 MP: 4/4
  1642 | D:2      | Reached skill level 5 in Axes
  1851 | D:2      | Found a glowing silver altar of Zin.
  2002 | D:2      | Reached XP level 4. HP: 19/39 MP: 5/5
  2718 | D:3      | Noticed galech's ghost (amateur TrMo)
  2751 | D:4      | Reached skill level 6 in Axes
  2897 | D:4      | Noticed Ijyb
  2920 | D:4      | Noticed a phantom
  2925 | D:4      | HP: 1/39 [phantom (9)]
  2939 | D:5      | Entered Level 5 of the Dungeon
  2946 | D:5      | HP: 2/58 [worker ant (2)]
  2956 | D:5      | HP: 2/58 [worker ant (2)]
  2963 | D:5      | HP: 2/58 [crimson imp (1)]
  2972 | D:5      | Reached XP level 5. HP: 4/45 MP: 6/6
  3349 | D:5      | Reached skill level 7 in Axes
  3350 | D:5      | Found Ihumem's Jewellery Shop.
  3354 | D:5      | Noticed an ogre
  3356 | D:5      | Noticed an ice beast
  3419 | D:4      | Reached ** piety under Lugonu
  3546 | D:4      | Found a staircase to the Ecumenical Temple.
  3631 | D:4      | Noticed an ogre
  3703 | D:5      | Noticed Duvessa
  3703 | D:5      | Noticed Dowan
  4393 | D:2      | Reached skill level 8 in Axes
  4393 | D:2      | Reached XP level 6. HP: 18/51 MP: 7/7
  4881 | D:4      | Noticed Natasha
  4892 | D:4      | Killed Natasha
  5041 | D:4      | Noticed Natasha
  5694 | D:6      | Reached skill level 9 in Axes
  5995 | D:5      | Reached XP level 7. HP: 31/57 MP: 8/8
  6094 | D:5      | Demolished by an ogre

Skill      XL: |  1  2  3  4  5  6 |
---------------+-------------------+-----
Axes           | 3 4 5 6 8 9 |  9.8
Fighting       | |  3.6
Armour         | |  2.1
Dodging        | |  0.7
Invocations    | |  2.4

Action                   |  1- 3 |  4- 6 |  7- 9 || total
-------------------------+-------+-------+-------++-------
Melee: Hand axe          |   104 |   275 |    26 ||   405
Invok: Depart the Abyss  |     1 |       |       ||     1
  Use: Scroll            |       |     2 |       ||     2
       Potion            |       |     2 |       ||     2
  Eat: Chunk             |     3 |    13 |     1 ||    17
Armor: Leather armour    |    40 |    66 |     5 ||   111
       Skin              |       |    20 |       ||    20
Dodge: Dodged            |    76 |   156 |    12 ||   244
